Islanders vs Avalanche

Created - January 24, 2021 at 19:23

Goals
1 2 3 T
Islanders 0 2 1 3
Avalanche 1 0 0 1
Shots
1 2 3 T
Islanders 10 10 15 35
Avalanche 10 12 6 28

1st period

1. Avalanche , Mikkel Boedker 30 (Patric Hornqvist 21) at 15:35 (PP)

Penalties :
Fedor Tyutin (NYI) for Hooking (Minor) at 10:31, Joe Thornton (NYI) for Roughing (Minor) at 15:20

2nd period

2. Islanders , Vladimir Tarasenko 24 (Evander Kane 32, Ryan Ellis 40) at 12:06
3. Islanders , Joe Thornton 16 (Ryan Ellis 41, Evander Kane 33) at 16:38 (PP)

Penalties :
Evander Kane (NYI) for Delaying the game (Minor) at 4:29, Patric Hornqvist (Col) for Roughing (Minor) at 6:55, Jiri Hudler (NYI) for Tripping (Minor) at 9:08, Mikkel Boedker (Col) for Interference (Minor) at 16:03

3rd period

4. Islanders , Evander Kane 28 (Joe Thornton 25) at 9:42

Penalties :
Fedor Tyutin (NYI) for Interference (Minor) at 0:13, Kyle Turris (Col) for Slashing (Minor) at 12:15, Kyle Turris (Col) for Hooking (Minor) at 16:41, R.J. Umberger (NYI) for Boarding (Minor) at 19:06

Goalie Stats

Julien Ellis (NYI), 27 saves from 28 shots - (0.964), W, 3-3-0, 60:00 minutes
Cam Ward (Col), 32 saves from 35 shots - (0.914), L, 8-7-0, 60:00 minutes

Players Stats for Islanders

Player Name              G  A  P  +/- PIM S  H  SB GA TA FO     MP     PP MP  PK MP  
------------------------------------------------------------------------------------
David Legwand            0  0  0   0  0   2  1  0  0  0  12/20  19:23   3:06   2:50 
Dustin Byfuglien         0  0  0   0  0   3  1  0  0  0  0/0    10:15   0:00   0:07 
Evander Kane             1  2  3   2  2   2  3  0  0  2  1/1    22:01   3:26   4:21 
Fedor Tyutin             0  0  0   2  4   0  1  1  0  0  0/0    24:02   3:32   3:23 
Jay Bouwmeester          0  0  0   0  0   2  1  1  0  0  0/0    20:27   3:00   2:50 
Jiri Hudler              0  0  0   1  2   6  2  0  1  0  0/0    14:30   0:00   1:27 
Joe Thornton             1  1  2   1  2   2  1  0  0  1  16/28  19:06   3:22   2:26 
Justin Falk              0  0  0   0  0   0  0  1  1  1  0/0    12:11   0:00   1:54 
Maxim Talbot             0  0  0   0  0   1  1  1  0  1  0/2    11:50   0:00   0:00 
Mike Brown               0  0  0   0  0   2  3  2  0  0  0/1    16:33   3:06   0:00 
R.J. Umberger            0  0  0   0  2   3  3  0  0  0  0/0    11:54   0:17   0:03 
Ryan Ellis               0  2  2   2  0   2  0  6  0  2  0/0    28:42   3:32   5:45 
T.J. Fast                0  0  0   0  0   2  2  2  0  2  0/0    20:27   3:00   2:50 
Tomas Fleischmann        0  0  0   0  0   1  3  0  0  0  3/4    16:33   3:06   0:00 
Tomas Kundratek          0  0  0   0  0   0  0  0  0  0  0/0     4:09   0:00   1:19 
Tomas Plekanec           0  0  0   0  0   1  2  0  0  0  0/1     4:57   0:00   0:00 
Vladimir Tarasenko       1  0  1   2  0   6  0  0  2  0  6/9    26:46   3:13   5:18 
Zac Rinaldo              0  0  0   0  0   0  0  0  0  0  0/0     7:04   0:00   1:43 

Players Stats for Avalanche

Player Name              G  A  P  +/- PIM S  H  SB GA TA FO     MP     PP MP  PK MP  
------------------------------------------------------------------------------------
Andrew Ladd              0  0  0  -1  0   3  1  0  0  1  0/2    12:11   0:00   2:34 
Bryan Little             0  0  0  -1  0   1  3  0  0  0  17/36  20:15   5:09   0:35 
Charlie Coyle            0  0  0  -1  0   1  0  0  0  1  2/8    13:49   0:00   3:47 
Colten Teubert           0  0  0  -2  0   1  1  5  1  0  0/0    21:23   3:00   2:31 
Erik Karlsson            0  0  0  -1  0   1  0  1  2  0  0/0    20:22   4:46   0:00 
Evgeny Dadonov           0  0  0   0  0   3  1  0  0  0  0/0    15:47   3:55   0:00 
Jack Johnson             0  0  0  -1  0   0  1  1  0  0  0/0    23:59   3:36   4:01 
James Van Riemsdyk       0  0  0   0  0   2  3  0  0  0  0/0    15:56   3:55   0:11 
Kyle Turris              0  0  0   0  4   3  0  2  0  0  3/4     8:50   0:00   0:33 
Luke Witkowski           0  0  0   0  0   2  0  1  0  0  1/1    12:05   0:00   3:46 
Marc Staal               0  0  0   0  0   0  1  2  1  1  0/0    25:51   5:59   4:01 
Mattias Ekholm           0  0  0   0  0   0  0  2  1  1  0/0    16:04   0:47   2:31 
Mikkel Boedker           1  0  1  -1  2   7  1  0  2  0  0/1    19:39   5:09   0:00 
Patric Hornqvist         0  1  1  -1  2   0  0  0  0  0  0/1    19:53   5:09   0:00 
Paul Stastny             0  0  0   0  0   3  0  0  0  0  5/12   15:47   3:55   0:00 
Peter Prucha             0  0  0  -1  0   0  3  0  1  0  0/1    11:13   0:00   1:38 
Stefan Elliott           0  0  0   0  0   1  0  0  0  0  0/0    12:21   0:00   0:00 
Tomas Tatar              0  0  0   0  0   0  0  1  1  0  0/0     7:59   0:00   0:00 

3 Stars

1 - Evander Kane (NYI)
2 - Julien Ellis (NYI)
3 - Ryan Ellis (NYI)

Power Play

Islanders - 1 on 4 Attempt(s) - 25.00%
Avalanche - 1 on 6 Attempt(s) - 16.67%

Penalty Kill

Islanders - 5 on 6 Attempt(s) - 83.33% - Score 0 goal in Penalty Kill
Avalanche - 3 on 4 Attempt(s) - 75.00% - Score 0 goal in Penalty Kill

Team Stat

Islanders - Hits : 24 - Faceoff Wins : 38 - Blocked Shots : 14 - Penalty Minutes : 12
Avalanche - Hits : 15 - Faceoff Wins : 28 - Blocked Shots : 15 - Penalty Minutes : 8

Official

Referees : Unknown
Linesman : Unknown

Game Notes

19:17 of 1st period - Islanders goal is going for a video replay. After video review, No Goal. The puck has entered the net after making contact with an attacking player’s stick that is above the height of the crossbar.

Finance

Level 1 -- Attendance: 6000 (100.00%) -- Ticket Income $534,000
Level 2 -- Attendance: 5000 (100.00%) -- Ticket Income $275,000
Level 3 -- Attendance: 1931 (96.55%) -- Ticket Income $63,723
Level 4 -- Attendance: 4000 (100.00%) -- Ticket Income $92,000
Luxury Box -- Attendance: 1000 (100.00%) -- Ticket Income $172,000
Game was played at the Pepsi Center.
Total Attendance: 17931 (99.62%)
Total Ticket Income: $1,136,723
Other Income: $170,508
Total Income: $1,307,231

Islanders

5 vs 5 Forward 
   Center                   Left Wing                Right Wing               Time % Phy DF OF 
 1 Joe Thornton             Evander Kane             Vladimir Tarasenko       40     1   2  2  
 2 David Legwand            Tomas Fleischmann        Mike Brown               30     1   2  2  
 3 Maxim Talbot             R.J. Umberger            Jiri Hudler              20     1   2  2  
 4 Tomas Plekanec           Zac Rinaldo              Vladimir Tarasenko       10     1   2  2  

5 vs 5 Defense 
   Defense                  Defense                                           Time % Phy DF OF 
 1 Ryan Ellis               Fedor Tyutin                                      40     1   2  2  
 2 Jay Bouwmeester          T.J. Fast                                         30     1   2  2  
 3 Dustin Byfuglien         Justin Falk                                       20     1   2  2  
 4 Tomas Kundratek          Ryan Ellis                                        10     1   2  2  

PowerPlay Forward 
   Center                   Left Wing                Right Wing               Time % Phy DF OF 
 1 Joe Thornton             Evander Kane             Vladimir Tarasenko       60     1   2  2  
 2 David Legwand            Tomas Fleischmann        Mike Brown               40     1   2  2  

PowerPlay Defense
   Defense                  Defense                                           Time % Phy DF OF 
 1 Ryan Ellis               Fedor Tyutin                                      60     1   2  2  
 2 Jay Bouwmeester          T.J. Fast                                         40     1   2  2  

Penalty Kill 4 Players Forward 
   Center                   Wing                     Time % Phy DF OF 
 1 Vladimir Tarasenko       Evander Kane             60     1   2  2  
 2 Joe Thornton             David Legwand            40     1   2  2  

Penalty Kill 4 Players Defense
   Defense                  Defense                  Time % Phy DF OF 
 1 Ryan Ellis               Fedor Tyutin             60     1   2  2  
 2 Jay Bouwmeester          T.J. Fast                40     1   2  2  

Penalty Kill - 3 Players Forward 
   Forward                                           Time % Phy DF OF 
 1 Vladimir Tarasenko                                60     1   2  2  
 2 Evander Kane                                      40     1   2  2  

Penalty Kill - 3 Players Defense
   Defense                  Defense                  Time % Phy DF OF 
 1 Ryan Ellis               Fedor Tyutin             60     1   2  2  
 2 Jay Bouwmeester          T.J. Fast                40     1   2  2  

4 vs 4 Forward 
   Center                   Wing                     Time % Phy DF OF 
 1 Vladimir Tarasenko       Evander Kane             60     1   2  2  
 2 Joe Thornton             David Legwand            40     1   2  2  

4 vs 4 Defense
   Defense                  Defense                  Time % Phy DF OF 
 1 Ryan Ellis               Fedor Tyutin             60     1   2  2  
 2 Jay Bouwmeester          T.J. Fast                40     1   2  2  

Last Minutes Offensive
   Center                   Left Wing                Right Wing               Defense                  Defense                  
   Joe Thornton             Evander Kane             Vladimir Tarasenko       Ryan Ellis               Fedor Tyutin             

Last Minutes Defensive
   Center                   Left Wing                Right Wing               Defense                  Defense                  
   Joe Thornton             Evander Kane             Vladimir Tarasenko       Ryan Ellis               Fedor Tyutin             

Goaltenders
Starting : Julien Ellis             
Backup : Jonathan Quick           

Extra Forwards
Normal : R.J. Umberger, Maxim Talbot, Jiri Hudler - PP : R.J. Umberger, Maxim Talbot - PK : Jiri Hudler
Extra Defensemen
Normal : Dustin Byfuglien, Justin Falk, Tomas Kundratek - PP : Dustin Byfuglien - PK : Justin Falk, Tomas Kundratek
Penalty Shots
Vladimir Tarasenko, Evander Kane, Joe Thornton, David Legwand, Tomas Fleischmann

Scratches
Adam Pineault (Healthy), Carl Klingberg (Healthy)

Avalanche

5 vs 5 Forward 
   Center                   Left Wing                Right Wing               Time % Phy DF OF 
 1 Bryan Little             Mikkel Boedker           Patric Hornqvist         35     1   2  2  
 2 Paul Stastny             James Van Riemsdyk       Evgeny Dadonov           30     1   2  2  
 3 Charlie Coyle            Andrew Ladd              Peter Prucha             25     1   2  2  
 4 Kyle Turris              Tomas Tatar              Luke Witkowski           10     1   2  2  

5 vs 5 Defense 
   Defense                  Defense                                           Time % Phy DF OF 
 1 Jack Johnson             Marc Staal                                        40     1   2  2  
 2 Erik Karlsson            Colten Teubert                                    35     1   2  2  
 3 Mattias Ekholm           Stefan Elliott                                    25     1   2  2  
 4 Jack Johnson             Marc Staal                                        0      1   2  2  

PowerPlay Forward 
   Center                   Left Wing                Right Wing               Time % Phy DF OF 
 1 Bryan Little             Mikkel Boedker           Patric Hornqvist         60     1   2  2  
 2 Paul Stastny             James Van Riemsdyk       Evgeny Dadonov           40     1   2  2  

PowerPlay Defense
   Defense                  Defense                                           Time % Phy DF OF 
 1 Erik Karlsson            Marc Staal                                        60     1   2  2  
 2 Jack Johnson             Colten Teubert                                    40     1   2  2  

Penalty Kill 4 Players Forward 
   Center                   Wing                     Time % Phy DF OF 
 1 Charlie Coyle            Luke Witkowski           60     1   2  2  
 2 Kyle Turris              Andrew Ladd              40     1   2  2  

Penalty Kill 4 Players Defense
   Defense                  Defense                  Time % Phy DF OF 
 1 Jack Johnson             Marc Staal               60     1   2  2  
 2 Mattias Ekholm           Colten Teubert           40     1   2  2  

Penalty Kill - 3 Players Forward 
   Forward                                           Time % Phy DF OF 
 1 Mikkel Boedker                                    60     1   2  2  
 2 Patric Hornqvist                                  40     1   2  2  

Penalty Kill - 3 Players Defense
   Defense                  Defense                  Time % Phy DF OF 
 1 Jack Johnson             Marc Staal               60     1   2  2  
 2 Erik Karlsson            Colten Teubert           40     1   2  2  

4 vs 4 Forward 
   Center                   Wing                     Time % Phy DF OF 
 1 Mikkel Boedker           Patric Hornqvist         60     1   2  2  
 2 Bryan Little             Paul Stastny             40     1   2  2  

4 vs 4 Defense
   Defense                  Defense                  Time % Phy DF OF 
 1 Jack Johnson             Marc Staal               60     1   2  2  
 2 Erik Karlsson            Colten Teubert           40     1   2  2  

Last Minutes Offensive
   Center                   Left Wing                Right Wing               Defense                  Defense                  
   Bryan Little             Mikkel Boedker           Patric Hornqvist         Jack Johnson             Erik Karlsson            

Last Minutes Defensive
   Center                   Left Wing                Right Wing               Defense                  Defense                  
   Bryan Little             Mikkel Boedker           Patric Hornqvist         Jack Johnson             Marc Staal               

Goaltenders
Starting : Cam Ward                 
Backup : Semyon Varlamov          

Extra Forwards
Normal : Charlie Coyle, Andrew Ladd, Peter Prucha - PP : Charlie Coyle, Andrew Ladd - PK : Peter Prucha
Extra Defensemen
Normal : Mattias Ekholm, Stefan Elliott, Erik Karlsson - PP : Mattias Ekholm - PK : Stefan Elliott, Erik Karlsson
Penalty Shots
Mikkel Boedker, Patric Hornqvist, Bryan Little, Paul Stastny, Evgeny Dadonov

Scratches
Danny Richmond (Healthy)

% Time on Ice - Islanders

Lines # - Real PCT - Wanted PCT - Time Play
Normal Forward
1 - 31% - 40% - 13:49
2 - 32% - 30% - 14:23
3 - 25% - 20% - 11:15
4 - 11% - 10% - 4:57
Normal Defense
1 - 39% - 40% - 17:13
2 - 33% - 30% - 14:37
3 - 23% - 20% - 10:03
4 - 6% - 10% - 2:31
PP Forward
1 - 53% - 60% - 3:26
2 - 47% - 40% - 3:06
PP Defense
1 - 54% - 60% - 3:32
2 - 46% - 40% - 3:00
PK Forward
1 - 76% - 60% - 6:53
2 - 24% - 40% - 2:11
PK Defense
1 - 69% - 60% - 6:14
2 - 31% - 40% - 2:50
PK3 Forward
1 - 0% - 60%
2 - 0% - 40%
PK3 Defense
1 - 0% - 60%
2 - 0% - 40%
44 Forward
1 - 0% - 60%
2 - 0% - 40%
44 Defense
1 - 0% - 60%
2 - 0% - 40%
Last Minute Offensive  - 0:00
Last Minute Defensive  - 0:00
Total
Forward - 60:00
Defense - 60:00

% Time on Ice - Avalanche

Lines # - Real PCT - Wanted PCT - Time Play
Normal Forward
1 - 34% - 35% - 15:05
2 - 27% - 30% - 12:04
3 - 21% - 25% - 9:16
4 - 18% - 10% - 7:59
Normal Defense
1 - 38% - 40% - 16:45
2 - 38% - 35% - 16:49
3 - 24% - 25% - 10:50
4 - 0% - 0% - 0:00
PP Forward
1 - 57% - 60% - 5:09
2 - 43% - 40% - 3:55
PP Defense
1 - 60% - 60% - 5:28
2 - 40% - 40% - 3:36
PK Forward
1 - 72% - 60% - 4:41
2 - 28% - 40% - 1:51
PK Defense
1 - 61% - 60% - 4:01
2 - 39% - 40% - 2:31
PK3 Forward
1 - 0% - 60%
2 - 0% - 40%
PK3 Defense
1 - 0% - 60%
2 - 0% - 40%
44 Forward
1 - 0% - 60%
2 - 0% - 40%
44 Defense
1 - 0% - 60%
2 - 0% - 40%
Last Minute Offensive  - 0:00
Last Minute Defensive  - 0:00
Total
Forward - 60:00
Defense - 60:00

Play-by-Play

1st period


0:01 of 1st period - Joe Thornton wins face-off versus Bryan Little in neutral zone.
0:06 of 1st period - Snap shot by Vladimir Tarasenko.
0:06 of 1st period - Shot Misses the Net.
0:26 of 1st period - Joe Thornton is hit by Peter Prucha and loses puck.
0:35 of 1st period - Slapshot by Andrew Ladd.
0:35 of 1st period - Stopped by Julien Ellis with a rebound.
0:37 of 1st period - Slapshot by Colten Teubert.
0:37 of 1st period - Deflect By Vladimir Tarasenko.
0:37 of 1st period - Stopped by Julien Ellis without a rebound.
0:38 of 1st period - Paul Stastny wins face-off versus David Legwand in Islanders zone.
0:47 of 1st period - Snap shot by Evgeny Dadonov.
0:47 of 1st period - Stopped by Julien Ellis without a rebound.
0:48 of 1st period - David Legwand wins face-off versus Paul Stastny in Islanders zone.
0:55 of 1st period - Snap shot by Mike Brown.
0:55 of 1st period - Shot Misses the Net.
0:57 of 1st period - Snap shot by T.J. Fast.
0:57 of 1st period - Stopped by Cam Ward without a rebound.
0:58 of 1st period - Kyle Turris wins face-off versus Maxim Talbot in Avalanche zone.
2:42 of 1st period - Slapshot by Tomas Tatar.
2:42 of 1st period - Shot Misses the Net.
3:01 of 1st period - Wrist shot by R.J. Umberger.
3:01 of 1st period - Shot Blocked by Tomas Tatar.
3:07 of 1st period - Wrist shot by Maxim Talbot.
3:07 of 1st period - Shot Blocked by Luke Witkowski.
3:09 of 1st period - Slapshot by Jiri Hudler.
3:09 of 1st period - Stopped by Cam Ward with a rebound.
3:19 of 1st period - Snap shot by Jiri Hudler.
3:19 of 1st period - Shot Misses the Net.
3:21 of 1st period - Slapshot by T.J. Fast.
3:21 of 1st period - Shot Misses the Net.
3:51 of 1st period - Snap shot by Jiri Hudler.
3:51 of 1st period - Shot Blocked by Colten Teubert.
3:55 of 1st period - Snap shot by R.J. Umberger.
3:55 of 1st period - Stopped by Cam Ward with a rebound.
3:57 of 1st period - Slapshot by Jiri Hudler.
3:57 of 1st period - Shot Blocked by Kyle Turris.
5:30 of 1st period - Colten Teubert is hit by T.J. Fast and loses puck.
5:37 of 1st period - Snap shot by Jiri Hudler.
5:37 of 1st period - Stopped by Cam Ward with a rebound.
5:39 of 1st period - Snap shot by R.J. Umberger.
5:39 of 1st period - Shot Blocked by Colten Teubert.
5:41 of 1st period - Snap shot by Jiri Hudler.
5:41 of 1st period - Shot Blocked by Colten Teubert.
5:43 of 1st period - Wrist shot by Jiri Hudler.
5:43 of 1st period - Shot Misses the Net.
5:53 of 1st period - Snap shot by Maxim Talbot.
5:53 of 1st period - Shot Misses the Net.
6:11 of 1st period - Luke Witkowski is hit by Jiri Hudler and loses puck.
6:28 of 1st period - Slapshot by R.J. Umberger.
6:28 of 1st period - Shot Hit the Post.
6:44 of 1st period - Slapshot by R.J. Umberger.
6:44 of 1st period - Deflect By Jiri Hudler.
6:44 of 1st period - Stopped by Cam Ward with a rebound.
6:48 of 1st period - Snap shot by R.J. Umberger.
6:48 of 1st period - Stopped by Cam Ward with a rebound.
6:50 of 1st period - Wrist shot by Jiri Hudler.
6:50 of 1st period - Stopped by Cam Ward without a rebound.
6:51 of 1st period - Bryan Little wins face-off versus Joe Thornton in Avalanche zone.
7:27 of 1st period - Snap shot by David Legwand.
7:27 of 1st period - Shot Misses the Net.
7:29 of 1st period - Wrist shot by David Legwand.
7:29 of 1st period - Shot Blocked by Marc Staal.
7:47 of 1st period - Wrist shot by Charlie Coyle.
7:47 of 1st period - Deflect By Andrew Ladd.
7:47 of 1st period - Stopped by Julien Ellis without a rebound.
7:48 of 1st period - Bryan Little wins face-off versus Joe Thornton in Islanders zone.
8:03 of 1st period - Snap shot by Patric Hornqvist.
8:03 of 1st period - Shot Blocked by Justin Falk.
8:05 of 1st period - Slapshot by Stefan Elliott.
8:05 of 1st period - Stopped by Julien Ellis without a rebound.
8:06 of 1st period - Paul Stastny wins face-off versus David Legwand in Islanders zone.
8:27 of 1st period - Fedor Tyutin is hit by James Van Riemsdyk and loses puck.
9:19 of 1st period - Icing by Justin Falk.
9:20 of 1st period - David Legwand wins face-off versus Andrew Ladd in Islanders zone.
9:20 of 1st period - David Legwand is hit by Andrew Ladd.
9:42 of 1st period - Dustin Byfuglien is hit by Peter Prucha and loses puck.
10:07 of 1st period - Snap shot by Charlie Coyle.
10:07 of 1st period - Stopped by Julien Ellis without a rebound.
10:08 of 1st period - Bryan Little wins face-off versus Joe Thornton in Islanders zone.
10:13 of 1st period - Wrist shot by Bryan Little.
10:13 of 1st period - Shot Blocked by Fedor Tyutin.
10:31 of 1st period - Minor Penalty to Fedor Tyutin for Hooking.
10:32 of 1st period - Vladimir Tarasenko wins face-off versus Bryan Little in Islanders zone.
10:32 of 1st period - Vladimir Tarasenko is hit by Bryan Little.
10:42 of 1st period - Mikkel Boedker is hit by Evander Kane and loses puck.
12:31 of 1st period - Penalty to Fedor Tyutin is over, Fedor Tyutin is back on ice.
14:52 of 1st period - Erik Karlsson is hit by Tomas Plekanec and loses puck.
15:08 of 1st period - Icing by Colten Teubert.
15:09 of 1st period - Bryan Little wins face-off versus Joe Thornton in Avalanche zone.
15:20 of 1st period - Minor Penalty to Joe Thornton for Roughing.
15:21 of 1st period - Vladimir Tarasenko wins face-off versus Bryan Little in Islanders zone.
15:35 of 1st period - Snap shot by Mikkel Boedker.
15:35 of 1st period - Goal by Mikkel Boedker - Islanders : 0 - Avalanche : 1.
15:36 of 1st period - Joe Thornton wins face-off versus Bryan Little in neutral zone.
16:35 of 1st period - Snap shot by Andrew Ladd.
16:35 of 1st period - Stopped by Julien Ellis without a rebound.
16:36 of 1st period - Joe Thornton wins face-off versus Bryan Little in Islanders zone.
17:01 of 1st period - James Van Riemsdyk is hit by Mike Brown and loses puck.
17:28 of 1st period - Snap shot by Zac Rinaldo.
17:28 of 1st period - Shot Misses the Net.
17:30 of 1st period - Snap shot by Vladimir Tarasenko.
17:30 of 1st period - Deflect By Tomas Plekanec.
17:30 of 1st period - Shot Misses the Net.
17:30 of 1st period - Puck is out of play.
17:31 of 1st period - David Legwand wins face-off versus Bryan Little in Avalanche zone.
17:44 of 1st period - Backhand shot by David Legwand.
17:44 of 1st period - Stopped by Cam Ward with a rebound.
17:46 of 1st period - Slapshot by Dustin Byfuglien.
17:46 of 1st period - Deflect By Patric Hornqvist.
17:46 of 1st period - Stopped by Cam Ward with a rebound.
18:41 of 1st period - Wrist shot by Mikkel Boedker.
18:41 of 1st period - Stopped by Julien Ellis with a rebound.
19:01 of 1st period - Slapshot by James Van Riemsdyk.
19:01 of 1st period - Stopped by Julien Ellis with a rebound.
19:03 of 1st period - Slapshot by Mattias Ekholm.
19:03 of 1st period - Shot Blocked by Mike Brown.
19:15 of 1st period - Snap shot by Evander Kane.
19:15 of 1st period - Shot Misses the Net.
19:17 of 1st period - Wrist shot by Vladimir Tarasenko.
19:17 of 1st period - Islanders goal is going for a video replay.
19:17 of 1st period - The goal is refused. The puck has entered the net after making contact with an attacking player’s stick that is above the height of the crossbar..
19:18 of 1st period - Joe Thornton wins face-off versus Bryan Little in Avalanche zone.
Goals for this period are 0 for Islanders vs 1 for Avalanche.
Shots for this period are 10 for Islanders vs 10 for Avalanche.

2nd period


0:01 of 2nd period - Bryan Little wins face-off versus Joe Thornton in neutral zone.
0:06 of 2nd period - Slapshot by Bryan Little.
0:06 of 2nd period - Stopped by Julien Ellis with a rebound.
0:31 of 2nd period - Snap shot by David Legwand.
0:31 of 2nd period - Stopped by Cam Ward without a rebound.
0:32 of 2nd period - David Legwand wins face-off versus Paul Stastny in Avalanche zone.
0:37 of 2nd period - Wrist shot by David Legwand.
0:37 of 2nd period - Shot Blocked by Colten Teubert.
1:09 of 2nd period - Wrist shot by Mikkel Boedker.
1:09 of 2nd period - Stopped by Julien Ellis with a rebound.
1:40 of 2nd period - Icing by T.J. Fast.
1:41 of 2nd period - Paul Stastny wins face-off versus Tomas Plekanec in Islanders zone.
2:45 of 2nd period - Snap shot by Peter Prucha.
2:45 of 2nd period - Shot Misses the Net.
2:47 of 2nd period - Wrist shot by Luke Witkowski.
2:47 of 2nd period - Stopped by Julien Ellis with a rebound.
2:49 of 2nd period - Slapshot by Kyle Turris.
2:49 of 2nd period - Stopped by Julien Ellis with a rebound.
2:51 of 2nd period - Wrist shot by Stefan Elliott.
2:51 of 2nd period - Deflect By Kyle Turris.
2:51 of 2nd period - Stopped by Julien Ellis with a rebound.
3:15 of 2nd period - Slapshot by Mattias Ekholm.
3:15 of 2nd period - Shot Blocked by Ryan Ellis.
3:30 of 2nd period - Icing by Mike Brown.
3:31 of 2nd period - Bryan Little wins face-off versus David Legwand in Islanders zone.
3:48 of 2nd period - Snap shot by Patric Hornqvist.
3:48 of 2nd period - Shot Blocked by Mike Brown.
4:20 of 2nd period - Off-side.
4:21 of 2nd period - Joe Thornton wins face-off versus Charlie Coyle in neutral zone.
4:29 of 2nd period - Minor Penalty to Evander Kane for Delaying the game.
4:30 of 2nd period - Vladimir Tarasenko wins face-off versus Bryan Little in Islanders zone.
4:34 of 2nd period - Slapshot by Ryan Ellis.
4:34 of 2nd period - Shot Hit the Post.
5:02 of 2nd period - Snap shot by Paul Stastny.
5:02 of 2nd period - Shot Misses the Net.
5:04 of 2nd period - Wrist shot by Paul Stastny.
5:04 of 2nd period - Deflect By Evgeny Dadonov.
5:04 of 2nd period - Shot Misses the Net.
5:04 of 2nd period - Puck is out of play.
5:05 of 2nd period - Vladimir Tarasenko wins face-off versus Mikkel Boedker in Islanders zone.
6:29 of 2nd period - Penalty to Evander Kane is over, Evander Kane is back on ice.
6:39 of 2nd period - Icing by Fedor Tyutin.
6:40 of 2nd period - Evander Kane wins face-off versus Charlie Coyle in Islanders zone.
6:40 of 2nd period - Evander Kane is hit by Peter Prucha.
6:52 of 2nd period - Slapshot by R.J. Umberger.
6:52 of 2nd period - Stopped by Cam Ward without a rebound.
6:53 of 2nd period - Bryan Little wins face-off versus Joe Thornton in Avalanche zone.
6:55 of 2nd period - Minor Penalty to Patric Hornqvist for Roughing.
6:56 of 2nd period - Joe Thornton wins face-off versus Charlie Coyle in Avalanche zone.
7:30 of 2nd period - Luke Witkowski is hit by Mike Brown and loses puck.
7:46 of 2nd period - Icing by T.J. Fast.
7:47 of 2nd period - Kyle Turris wins face-off versus Joe Thornton in Islanders zone.
7:48 of 2nd period - Wrist shot by Andrew Ladd.
7:48 of 2nd period - Shot Blocked by T.J. Fast.
7:54 of 2nd period - Mattias Ekholm is hit by Joe Thornton and loses puck.
8:55 of 2nd period - Penalty to Patric Hornqvist is over, Patric Hornqvist is back on ice.
9:08 of 2nd period - Minor Penalty to Jiri Hudler for Tripping.
9:09 of 2nd period - Bryan Little wins face-off versus Vladimir Tarasenko in Islanders zone.
9:21 of 2nd period - Wrist shot by Mikkel Boedker.
9:21 of 2nd period - Deflect By Ryan Ellis.
9:21 of 2nd period - Shot Misses the Net.
9:21 of 2nd period - Puck is out of play.
9:22 of 2nd period - Vladimir Tarasenko wins face-off versus Bryan Little in Islanders zone.
9:34 of 2nd period - Off-side.
9:35 of 2nd period - Bryan Little wins face-off versus Vladimir Tarasenko in neutral zone.
9:38 of 2nd period - Evander Kane is hit by Bryan Little and loses puck.
10:01 of 2nd period - Paul Stastny is hit by David Legwand and loses puck.
11:08 of 2nd period - Penalty to Jiri Hudler is over, Jiri Hudler is back on ice.
11:34 of 2nd period - Snap shot by Evander Kane.
11:34 of 2nd period - Stopped by Cam Ward with a rebound.
11:36 of 2nd period - Snap shot by Evander Kane.
11:36 of 2nd period - Shot Misses the Net.
11:38 of 2nd period - Wrist shot by Evander Kane.
11:38 of 2nd period - Shot Hit the Post.
12:06 of 2nd period - Wrist shot by Vladimir Tarasenko.
12:06 of 2nd period - Goal by Vladimir Tarasenko - Islanders : 1 - Avalanche : 1.
12:07 of 2nd period - Bryan Little wins face-off versus David Legwand in neutral zone.
12:36 of 2nd period - Snap shot by Evgeny Dadonov.
12:36 of 2nd period - Stopped by Julien Ellis without a rebound.
12:37 of 2nd period - David Legwand wins face-off versus Paul Stastny in Islanders zone.
12:37 of 2nd period - David Legwand is hit by Evgeny Dadonov.
12:43 of 2nd period - Slapshot by Tomas Fleischmann.
12:43 of 2nd period - Shot Misses the Net.
12:45 of 2nd period - Slapshot by Tomas Fleischmann.
12:45 of 2nd period - Deflect By Mike Brown.
12:45 of 2nd period - Shot Misses the Net.
12:45 of 2nd period - Puck is out of play.
12:46 of 2nd period - David Legwand wins face-off versus Bryan Little in Avalanche zone.
12:47 of 2nd period - Slapshot by Tomas Fleischmann.
12:47 of 2nd period - Shot Blocked by Marc Staal.
13:01 of 2nd period - Snap shot by Bryan Little.
13:01 of 2nd period - Shot Blocked by Ryan Ellis.
13:03 of 2nd period - Slapshot by Mikkel Boedker.
13:03 of 2nd period - Stopped by Julien Ellis without a rebound.
13:04 of 2nd period - Joe Thornton wins face-off versus Paul Stastny in Islanders zone.
13:04 of 2nd period - Joe Thornton is hit by Jack Johnson.
13:16 of 2nd period - Wrist shot by Vladimir Tarasenko.
13:16 of 2nd period - Shot Misses the Net.
13:59 of 2nd period - Slapshot by Tomas Fleischmann.
13:59 of 2nd period - Shot Blocked by Colten Teubert.
14:13 of 2nd period - Snap shot by Paul Stastny.
14:13 of 2nd period - Stopped by Julien Ellis with a rebound.
14:39 of 2nd period - Backhand shot by Tomas Tatar.
14:39 of 2nd period - Shot Misses the Net.
14:41 of 2nd period - Wrist shot by Colten Teubert.
14:41 of 2nd period - Shot Blocked by Ryan Ellis.
14:43 of 2nd period - Wrist shot by Kyle Turris.
14:43 of 2nd period - Shot Blocked by Ryan Ellis.
14:45 of 2nd period - Slapshot by Marc Staal.
14:45 of 2nd period - Deflect By Luke Witkowski.
14:45 of 2nd period - Stopped by Julien Ellis with a rebound.
15:41 of 2nd period - Ryan Ellis is hit by Colten Teubert.
15:47 of 2nd period - Wrist shot by Zac Rinaldo.
15:47 of 2nd period - Shot Hit the Post.
15:49 of 2nd period - Slapshot by T.J. Fast.
15:49 of 2nd period - Stopped by Cam Ward with a rebound.
15:55 of 2nd period - Wrist shot by Vladimir Tarasenko.
15:55 of 2nd period - Shot Blocked by Erik Karlsson.
15:57 of 2nd period - Slapshot by Jay Bouwmeester.
15:57 of 2nd period - Stopped by Cam Ward with a rebound.
15:59 of 2nd period - Backhand shot by Vladimir Tarasenko.
15:59 of 2nd period - Stopped by Cam Ward without a rebound.
16:00 of 2nd period - Tomas Fleischmann wins face-off versus Bryan Little in Avalanche zone.
16:01 of 2nd period - Wrist shot by Mike Brown.
16:01 of 2nd period - Stopped by Cam Ward with a rebound.
16:03 of 2nd period - Minor Penalty to Mikkel Boedker for Interference.
16:04 of 2nd period - Luke Witkowski wins face-off versus David Legwand in Avalanche zone.
16:31 of 2nd period - Luke Witkowski is hit by R.J. Umberger and loses puck.
16:36 of 2nd period - Snap shot by Evander Kane.
16:36 of 2nd period - Shot Misses the Net.
16:38 of 2nd period - Slapshot by Ryan Ellis.
16:38 of 2nd period - Deflect By Joe Thornton.
16:38 of 2nd period - Goal by Joe Thornton - Islanders : 2 - Avalanche : 1.
16:39 of 2nd period - David Legwand wins face-off versus Bryan Little in neutral zone.
16:42 of 2nd period - Mikkel Boedker is hit by Fedor Tyutin and loses puck.
16:55 of 2nd period - Wrist shot by Mikkel Boedker.
16:55 of 2nd period - Shot Blocked by Ryan Ellis.
17:05 of 2nd period - James Van Riemsdyk is hit by Jiri Hudler and loses puck.
17:12 of 2nd period - Slapshot by Erik Karlsson.
17:12 of 2nd period - Deflect By Paul Stastny.
17:12 of 2nd period - Stopped by Julien Ellis without a rebound.
17:13 of 2nd period - Joe Thornton wins face-off versus Patric Hornqvist in Islanders zone.
17:18 of 2nd period - Snap shot by Vladimir Tarasenko.
17:18 of 2nd period - Stopped by Cam Ward with a rebound.
17:38 of 2nd period - Snap shot by Erik Karlsson.
17:38 of 2nd period - Shot Misses the Net.
17:40 of 2nd period - Snap shot by James Van Riemsdyk.
17:40 of 2nd period - Shot Blocked by T.J. Fast.
17:42 of 2nd period - Snap shot by James Van Riemsdyk.
17:42 of 2nd period - Shot Blocked by Jay Bouwmeester.
17:44 of 2nd period - Slapshot by Erik Karlsson.
17:44 of 2nd period - Stopped by Julien Ellis without a rebound.
17:45 of 2nd period - Joe Thornton wins face-off versus Paul Stastny in Islanders zone.
18:12 of 2nd period - Jack Johnson is hit by Tomas Fleischmann and loses puck.
18:19 of 2nd period - Snap shot by David Legwand.
18:19 of 2nd period - Deflect By Mike Brown.
18:19 of 2nd period - Shot Misses the Net.
18:19 of 2nd period - Puck is out of play.
18:20 of 2nd period - David Legwand wins face-off versus Bryan Little in Avalanche zone.
18:51 of 2nd period - Snap shot by James Van Riemsdyk.
18:51 of 2nd period - Stopped by Julien Ellis with a rebound.
18:55 of 2nd period - Slapshot by Erik Karlsson.
18:55 of 2nd period - Deflect By Paul Stastny.
18:55 of 2nd period - Shot Misses the Net.
18:55 of 2nd period - Puck is out of play.
18:56 of 2nd period - David Legwand wins face-off versus Bryan Little in Islanders zone.
19:23 of 2nd period - Marc Staal is hit by Evander Kane and loses puck.
19:51 of 2nd period - Charlie Coyle is hit by R.J. Umberger and loses puck.
Goals for this period are 2 for Islanders vs 0 for Avalanche.
Shots for this period are 10 for Islanders vs 12 for Avalanche.

3rd period


0:01 of 3rd period - Bryan Little wins face-off versus Joe Thornton in neutral zone.
0:04 of 3rd period - Slapshot by Marc Staal.
0:04 of 3rd period - Deflect By Mikkel Boedker.
0:04 of 3rd period - Shot Blocked by Ryan Ellis.
0:04 of 3rd period - Puck is out of play.
0:05 of 3rd period - Joe Thornton wins face-off versus Bryan Little in Islanders zone.
0:13 of 3rd period - Minor Penalty to Fedor Tyutin for Interference.
0:14 of 3rd period - Bryan Little wins face-off versus Vladimir Tarasenko in Islanders zone.
2:13 of 3rd period - Penalty to Fedor Tyutin is over, Fedor Tyutin is back on ice.
2:21 of 3rd period - Wrist shot by Jiri Hudler.
2:21 of 3rd period - Stopped by Cam Ward without a rebound.
2:22 of 3rd period - Tomas Fleischmann wins face-off versus Charlie Coyle in Avalanche zone.
2:23 of 3rd period - Snap shot by Mike Brown.
2:23 of 3rd period - Stopped by Cam Ward without a rebound.
2:24 of 3rd period - Tomas Fleischmann wins face-off versus Andrew Ladd in Avalanche zone.
3:28 of 3rd period - Icing by Stefan Elliott.
3:29 of 3rd period - David Legwand wins face-off versus Kyle Turris in Avalanche zone.
3:36 of 3rd period - Slapshot by Ryan Ellis.
3:36 of 3rd period - Stopped by Cam Ward with a rebound.
3:38 of 3rd period - Wrist shot by Mike Brown.
3:38 of 3rd period - Shot Blocked by Mattias Ekholm.
3:40 of 3rd period - Slapshot by Fedor Tyutin.
3:40 of 3rd period - Shot Blocked by Mattias Ekholm.
3:54 of 3rd period - Slapshot by Stefan Elliott.
3:54 of 3rd period - Shot Misses the Net.
4:00 of 3rd period - Slapshot by Ryan Ellis.
4:00 of 3rd period - Stopped by Cam Ward without a rebound.
4:01 of 3rd period - Bryan Little wins face-off versus Joe Thornton in Avalanche zone.
4:12 of 3rd period - Slapshot by Evander Kane.
4:12 of 3rd period - Shot Blocked by Jack Johnson.
4:14 of 3rd period - Slapshot by Jay Bouwmeester.
4:14 of 3rd period - Deflect By Evander Kane.
4:14 of 3rd period - Shot Misses the Net.
4:14 of 3rd period - Puck is out of play.
4:15 of 3rd period - Bryan Little wins face-off versus Joe Thornton in Avalanche zone.
4:24 of 3rd period - Wrist shot by Mikkel Boedker.
4:24 of 3rd period - Stopped by Julien Ellis with a rebound.
4:26 of 3rd period - Slapshot by Jack Johnson.
4:26 of 3rd period - Shot Misses the Net.
4:28 of 3rd period - Wrist shot by Mikkel Boedker.
4:28 of 3rd period - Shot Misses the Net.
4:32 of 3rd period - Snap shot by Bryan Little.
4:32 of 3rd period - Shot Misses the Net.
4:51 of 3rd period - Slapshot by Mike Brown.
4:51 of 3rd period - Deflect By Tomas Fleischmann.
4:51 of 3rd period - Shot Misses the Net.
4:51 of 3rd period - Puck is out of play.
4:52 of 3rd period - David Legwand wins face-off versus Bryan Little in Avalanche zone.
4:53 of 3rd period - Backhand shot by Tomas Fleischmann.
4:53 of 3rd period - Stopped by Cam Ward without a rebound.
4:54 of 3rd period - Bryan Little wins face-off versus Mike Brown in Avalanche zone.
4:54 of 3rd period - Bryan Little is hit by Dustin Byfuglien.
5:02 of 3rd period - Tomas Fleischmann is hit by Mikkel Boedker and loses puck.
5:27 of 3rd period - Wrist shot by Vladimir Tarasenko.
5:27 of 3rd period - Stopped by Cam Ward with a rebound.
5:29 of 3rd period - Slapshot by Dustin Byfuglien.
5:29 of 3rd period - Stopped by Cam Ward with a rebound.
5:31 of 3rd period - Slapshot by Justin Falk.
5:31 of 3rd period - Deflect By Joe Thornton.
5:31 of 3rd period - Shot Misses the Net.
5:31 of 3rd period - Puck is out of play.
5:32 of 3rd period - Charlie Coyle wins face-off versus David Legwand in Avalanche zone.
5:32 of 3rd period - Charlie Coyle is hit by Tomas Fleischmann.
5:35 of 3rd period - Icing by Erik Karlsson.
5:36 of 3rd period - Charlie Coyle wins face-off versus Tomas Fleischmann in Avalanche zone.
5:45 of 3rd period - Wrist shot by Mike Brown.
5:45 of 3rd period - Shot Misses the Net.
6:07 of 3rd period - Snap shot by Mikkel Boedker.
6:07 of 3rd period - Stopped by Julien Ellis with a rebound.
6:31 of 3rd period - Wrist shot by Jiri Hudler.
6:31 of 3rd period - Stopped by Cam Ward with a rebound.
6:45 of 3rd period - Snap shot by Mike Brown.
6:45 of 3rd period - Shot Misses the Net.
6:47 of 3rd period - Wrist shot by Dustin Byfuglien.
6:47 of 3rd period - Stopped by Cam Ward without a rebound.
6:48 of 3rd period - Joe Thornton wins face-off versus Bryan Little in Avalanche zone.
6:53 of 3rd period - Snap shot by Vladimir Tarasenko.
6:53 of 3rd period - Stopped by Cam Ward without a rebound.
6:54 of 3rd period - Bryan Little wins face-off versus Joe Thornton in Avalanche zone.
7:54 of 3rd period - Bryan Little is hit by Evander Kane and loses puck.
8:07 of 3rd period - Snap shot by Joe Thornton.
8:07 of 3rd period - Deflect By Evander Kane.
8:07 of 3rd period - Shot Misses the Net.
8:07 of 3rd period - Puck is out of play.
8:08 of 3rd period - Paul Stastny wins face-off versus David Legwand in Avalanche zone.
8:21 of 3rd period - Snap shot by Evgeny Dadonov.
8:21 of 3rd period - Stopped by Julien Ellis with a rebound.
8:23 of 3rd period - Wrist shot by Paul Stastny.
8:23 of 3rd period - Stopped by Julien Ellis with a rebound.
8:25 of 3rd period - Snap shot by James Van Riemsdyk.
8:25 of 3rd period - Shot Misses the Net.
8:35 of 3rd period - Charlie Coyle is hit by R.J. Umberger and loses puck.
8:46 of 3rd period - Snap shot by Maxim Talbot.
8:46 of 3rd period - Stopped by Cam Ward with a rebound.
9:00 of 3rd period - Snap shot by Kyle Turris.
9:00 of 3rd period - Stopped by Julien Ellis without a rebound.
9:01 of 3rd period - Kyle Turris wins face-off versus David Legwand in Islanders zone.
9:02 of 3rd period - Wrist shot by Luke Witkowski.
9:02 of 3rd period - Deflect By T.J. Fast.
9:02 of 3rd period - Shot Misses the Net.
9:02 of 3rd period - Puck is out of play.
9:03 of 3rd period - David Legwand wins face-off versus Paul Stastny in Islanders zone.
9:03 of 3rd period - David Legwand is hit by James Van Riemsdyk.
9:36 of 3rd period - Snap shot by Evander Kane.
9:36 of 3rd period - Deflect By Joe Thornton.
9:36 of 3rd period - Stopped by Cam Ward without a rebound.
9:37 of 3rd period - Joe Thornton wins face-off versus Bryan Little in Avalanche zone.
9:42 of 3rd period - Snap shot by Evander Kane.
9:42 of 3rd period - Goal by Evander Kane - Islanders : 3 - Avalanche : 1.
9:43 of 3rd period - Joe Thornton wins face-off versus Paul Stastny in neutral zone.
10:09 of 3rd period - Tomas Fleischmann is hit by Marc Staal and loses puck.
10:50 of 3rd period - Slapshot by Tomas Plekanec.
10:50 of 3rd period - Stopped by Cam Ward with a rebound.
10:52 of 3rd period - Wrist shot by Tomas Plekanec.
10:52 of 3rd period - Shot Misses the Net.
10:54 of 3rd period - Wrist shot by Zac Rinaldo.
10:54 of 3rd period - Shot Blocked by Kyle Turris.
10:56 of 3rd period - Slapshot by Jay Bouwmeester.
10:56 of 3rd period - Stopped by Cam Ward without a rebound.
10:57 of 3rd period - Paul Stastny wins face-off versus Joe Thornton in Avalanche zone.
10:57 of 3rd period - Paul Stastny is hit by Jay Bouwmeester.
11:29 of 3rd period - Slapshot by Mikkel Boedker.
11:29 of 3rd period - Stopped by Julien Ellis with a rebound.
11:49 of 3rd period - Backhand shot by Jack Johnson.
11:49 of 3rd period - Shot Blocked by Maxim Talbot.
12:15 of 3rd period - Minor Penalty to Kyle Turris for Slashing.
12:16 of 3rd period - Joe Thornton wins face-off versus Charlie Coyle in Avalanche zone.
12:55 of 3rd period - Marc Staal is hit by Mike Brown.
14:15 of 3rd period - Penalty to Kyle Turris is over, Kyle Turris is back on ice.
14:19 of 3rd period - Kyle Turris is hit by Maxim Talbot.
14:39 of 3rd period - Mattias Ekholm is hit by Tomas Plekanec and loses puck.
15:14 of 3rd period - Tomas Fleischmann is hit by James Van Riemsdyk and loses puck.
16:41 of 3rd period - Minor Penalty to Kyle Turris for Hooking.
16:42 of 3rd period - Joe Thornton wins face-off versus Charlie Coyle in Avalanche zone.
17:09 of 3rd period - Charlie Coyle is hit by Tomas Fleischmann and loses puck.
18:28 of 3rd period - Icing by Vladimir Tarasenko.
18:29 of 3rd period - Joe Thornton wins face-off versus Peter Prucha in Islanders zone.
18:41 of 3rd period - Penalty to Kyle Turris is over, Kyle Turris is back on ice.
18:56 of 3rd period - Snap shot by Ryan Ellis.
18:56 of 3rd period - Deflect By Maxim Talbot.
18:56 of 3rd period - Shot Misses the Net.
18:56 of 3rd period - Puck is out of play.
18:57 of 3rd period - Bryan Little wins face-off versus Maxim Talbot in Avalanche zone.
18:57 of 3rd period - Bryan Little is hit by T.J. Fast.
19:06 of 3rd period - Minor Penalty to R.J. Umberger for Boarding.
19:07 of 3rd period - Vladimir Tarasenko wins face-off versus Bryan Little in Islanders zone.
19:07 of 3rd period - Vladimir Tarasenko is hit by Bryan Little.
Goals for this period are 1 for Islanders vs 0 for Avalanche.
Shots for this period are 15 for Islanders vs 6 for Avalanche.